 Dungeon Crawl Stone Soup version 0.29.0-13-gc9e81de378 (webtiles) character file.

Game seed: 15190935366700510518

30 nickcage the Vexing (level 3, 0/16 HPs)
             Began as a Spriggan Enchanter on Sept 7, 2022.
             Succumbed to an adder's poison
             ... on level 2 of the Dungeon.
             The game lasted 00:03:26 (1514 turns).

nickcage the Vexing (Spriggan Enchanter)            Turns: 1514, Time: 00:03:27

Health: 0/16       AC:  2    Str:  4    XL:     3   Next: 3%
Magic:  2/8        EV: 17    Int: 16    God:
Gold:   58         SH:  0    Dex: 17    Spells: 5/7 levels left

rFire   . . .      SeeInvis +   g - +2 dagger (elec)
rCold   . . .      Faith    .   (no shield)
rNeg    . . .      Spirit   .   b - +0 robe
rPois   .          Reflect  .   (helmet restricted)
rElec   .          Harm     .   (no cloak)
rCorr   .          Rampage  .   (gloves unavailable)
Will    .....                   (boots unavailable)
Stlth   +++.......              (no amulet)
HPRegen 0.05/turn               (no ring)
MPRegen 0.11/turn               (no ring)

@: lethally poisoned (0 -> -13), very quick
A: very small, no large weapons, unfitting armour, see invisible, speed 3
a: no special abilities


You were on level 2 of the Dungeon.
You visited 1 branch of the dungeon, and saw 2 of its levels.

You collected 58 gold pieces.

Inventory:

Hand Weapons
 a - a +1 dagger
 g - a +2 dagger of electrocution (weapon)
Missiles
 e - 6 poisoned darts
Armour
 b - a +0 robe (worn)
Jewellery
 l - an amulet of guardian spirit
Scrolls
 d - a scroll of enchant weapon {unknown}
 i - 4 scrolls of identify {unknown}
 n - a scroll of enchant armour {unknown}
Potions
 c - 3 potions of invisibility
 f - a potion of cancellation {unknown}
 h - a potion of resistance {unknown}
 j - 3 potions of curing {unknown}
 k - a potion of might {unknown}
 m - a potion of berserk rage {unknown}


   Skills:
 - Level 1.1 Short Blades
 - Level 2.6 Dodging
 - Level 4.4 Stealth
 - Level 2.6 Spellcasting
 + Level 5.0 Hexes
 + Level 0.4 Ice Magic


You had 5 spell levels left.
You knew the following spells:

 Your Spells              Type           Power      Damage    Failure   Level
a - Ensorcelled Hibernat  Hex/Ice        20%        N/A       10%         2

Your spell library contained the following spells:

 Spells                   Type           Power      Damage    Failure   Level
 Confusing Touch          Hex            18%        N/A       8%          3
 Tukima's Dance           Hex            18%        N/A       8%          3
 Dazzling Flash           Conj/Hex       20%        N/A       21%         3


Dungeon Overview and Level Annotations

Branches:
Dungeon (2/15)

Altars:


Innate Abilities, Weirdness & Mutations

You are very small and have problems with some larger weapons.
You are too small for most types of armour.
You have supernaturally acute eyesight. (SInv)
You cover ground extremely quickly. (Speed+++)


Message History

Found 19 gold pieces.
You see here a dart slug corpse.
The rat resists with significant effort.
The rat closely misses you.
The rat resists with significant effort.
The rat closely misses you.
You don't have enough magic to cast this spell.
You hit the rat.
You kill the rat!
No target in view!
You now have 58 gold pieces (gained 19).
An adder comes into view.
You hit the adder.
The adder is lightly wounded.
The adder closely misses you.
The adder resists with significant effort.
The adder bites you but does no damage. The adder bites you.
You are poisoned.
The adder poisons you!
You barely miss the adder.
The adder is lightly wounded.
You feel sick. The adder bites you.
You are lethally poisoned!
The adder poisons you!
The adder resists with significant effort.
You feel sick. The adder bites you.
You are more poisoned.
The adder poisons you!
You are too injured to fight recklessly!
You are too injured to fight recklessly!
Aiming: Ensorcelled Hibernation (safe; 10% risk of failure)
Press: ? - help, Q - select action, (/) - cycle Shift-Dir - straight line, f/p - adder
Aim: an adder (lightly wounded, chance to affect: 52%)
The adder looks drowsy...
* * * LOW HITPOINT WARNING * * *
You feel very sick.
The helpless adder fails to defend itself.
You impale the adder!!
You kill the adder!
You die...

..#
##################
#................
#..##...#....####
#.# #...#....#
#.###..##....#####
#......###........
#.....## #...#....
#@..### #...#....
#.### ##..##...
#.. #..####. #...
##...... .....
##..... #.....
###... #.###.#
#### #.# .. #


There were no monsters in sight!

Vanquished Creatures
  An adder (D:2)
  2 dart slugs
  5 bats (D:1)
  An endoplasm (D:2)
  3 giant cockroaches
  3 hobgoblins (D:1)
  4 kobolds (D:1)
  A quokka (D:1)
  A ball python (D:1)
  2 frilled lizards (D:1)
  2 goblins (D:1)
  A rat (D:2)
26 creatures vanquished.

Notes
Turn   | Place    | Note
-------+----------+-------------------------------------------
     0 | D:1      | nickcage the Spriggan Enchanter began the quest for the
                  | Orb.
     0 | D:1      | Reached XP level 1. HP: 9/9 MP: 5/5
   259 | D:1      | Reached skill level 4 in Hexes
   359 | D:1      | Reached XP level 2. HP: 11/13 MP: 6/6
   362 | D:1      | Learned a level 2 spell: Ensorcelled Hibernation
  1422 | D:2      | Reached skill level 5 in Hexes
  1422 | D:2      | Reached XP level 3. HP: 16/16 MP: 5/8
  1514 | D:2      | Succumbed to an adder's poison

Illustrated notes

Levels and vault maps discovered:
D:1:      erik_arrival_orb_chamber, layout_loops_corners
D:2:      minmay_recursive_quarters, layout_basic, basic_ecumenical_altar,
          minmay_guardbox

Skill      XL: |  1  2 |
---------------+-------+-----
Hexes          | 4 5 |  5.0
Short Blades   | |  1.1
Dodging        | |  2.6
Stealth        | |  4.4
Spellcasting   | |  2.6
Ice Magic      | |  0.4

Action                   || total
-------------------------++-------
Melee: Dagger            ||    46
       Punch             ||     1
 Cast: Ensorcelled Hiber ||    20
 Stab: Sleeping          ||    14
Armor: Robe              ||     6
Dodge: Dodged            ||    33
